 Dungeon Crawl Stone Soup version 0.31-a0-1308-ga3cce3a448 (webtiles) character file.

Game seed: 1573384576363037199

2835 grandjackal the Fighter (level 9, 0/82 HPs)
             Began as a White Draconian Gladiator on Dec 19, 2023.
             Slain by a dream sheep (4 damage)
             ... on level 7 of the Dungeon.
             The game lasted 00:10:51 (6763 turns).

grandjackal the Fighter (White Draconian Gladiator) Turns: 6763, Time: 00:10:52

Health: 0/82       AC: 12    Str: 16 (17) XL:     9   Next: 45%
Magic:  9/9        EV: 16    Int:  8      God:
Gold:   350        SH:  0    Dex: 16 (17) Spells: 8/8 levels left

rFire   . . .        n - +0 scimitar
rCold   + . .        (no shield)
rNeg    . . .        (body armour unavailable)
rPois   .            b - +0 hat
rElec   .            m - +0 cloak
rCorr   +            (no gloves)
SInv    .            (no boots)
Will    .....        (no amulet)
Stlth   +            k - ring of resist corrosion
HPRegen 0.33/turn    r - +4 ring of protection
MPRegen 0.11/turn

%: no passive effects
@: short of breath
A: breathe frost, AC +7, unfitting armour, cold resistance 1, cold-blooded
a: Breathe Frost


You were on level 7 of the Dungeon.
You visited 2 branches of the dungeon, and saw 8 of its levels.
You also visited: Ossuary.

You collected 350 gold pieces.

Inventory:

Hand Weapons
 a - a +0 long sword
 n - a +0 scimitar (weapon)
Missiles
 c - 2 throwing nets (quivered)
 d - a javelin
 j - 6 curare-tipped darts
Armour
 b - a +0 hat (worn)
 m - a +0 cloak (worn)
Jewellery
 k - a ring of resist corrosion (left hand)
 r - a +4 ring of protection (right hand)
 y - an amulet of the acrobat
Wands
 t - a wand of digging (8)
Scrolls
 e - a scroll of poison {unknown}
 f - 5 scrolls of fog
 h - a scroll of brand weapon {unknown}
 o - a scroll of teleportation {unknown}
 p - a scroll of blinking {unknown}
 s - 3 scrolls of immolation {unknown}
 w - 2 scrolls of silence {unknown}
 A - 2 scrolls of enchant armour {unknown}
 B - a scroll of fear {unknown}
 C - 2 scrolls of noise {unknown}
Potions
 g - a potion of mutation
 i - a potion of lignification
 l - 9 potions of curing
 q - a potion of enlightenment
 u - 2 potions of heal wounds


   Skills:
 + Level 8.6 Fighting
 + Level 8.1 Long Blades
 - Level 2.0 Throwing
 + Level 7.4 Dodging


You had 8 spell levels left.
You didn't know any spells.
Your spell library contained the following spells:

 Spells                   Type           Power      Damage    Failure   Level
 Magic Dart               Conj           0%         1d3       41%         1
 Blink                    Tloc           0%         N/A       54%         2
 Call Imp                 Summ           0%         N/A       54%         2
 Mephitic Cloud           Conj/Pois/Air  0%         N/A       78%         3
 Volatile Blastmotes      Fire/Tloc      0%         2d10      78%         3
 Fulminant Prism          Conj/Hex       0%         3d5       99%         4
 Iskenderun's Mystic Bla  Conj/Tloc      0%         2d3       99%         4
 Manifold Assault         Tloc           0%         N/A       99%         4


Dungeon Overview and Level Annotations

Branches:
Dungeon (7/15)             Temple (1/1) D:6         Ossuary (visited)

Altars:
Cheibriados
Dithmenos
Elyvilon
Fedhas
Gozag
Kikubaaqudgha
Nemelex Xobeh
Qazlal
Ru
Vehumet
Yredelemnul
Zin
Lugonu

Annotations:
D:3 variable76's ghost, weakling MiFi
D:5 3 runed translucent doors, bmb222's ghost, weakling DsFi


Innate Abilities, Weirdness & Mutations

You can breathe waves of freezing cold which knock back foes.
Your icy white scales are hard. (AC +7)
You cannot fit into any form of body armour.
Your flesh is cold resistant. (rC+)
You are cold-blooded and may be slowed by cold attacks.


Message History

The dream sheep are wreathed in dream dust.
You feel drowsy...
You fall asleep.
The dream sheep barely misses you.
Your Long Blades skill increases to level 8!
The dream sheep headbutts you!
You wake up.
* * * LOW HITPOINT WARNING * * *
Unknown command.
Unknown command.
You closely miss the dream sheep.
The dream sheep is almost dead.
The dream sheep barely misses you.
You slash the dream sheep!
You kill the dream sheep!
You feel your intelligence returning.
Your life force feels restored.
You closely miss the dream sheep.
You tail-slap the dream sheep, but do no damage.
The dream sheep is severely wounded.
The dream sheep headbutts you.
* * * LOW HITPOINT WARNING * * *
You barely miss the dream sheep.
The dream sheep is severely wounded.
The dream sheep headbutts you but does no damage.
You hit the dream sheep.
The dream sheep is almost dead.
The dream sheep barely misses you.
The dream sheep shake their wool and sparkle.
You feel drowsy...
You fall asleep.
The dream sheep headbutts you!
You wake up.
* * * LOW HITPOINT WARNING * * *
Unknown command.
Unknown command.
You hit the dream sheep but do no damage.
The dream sheep is almost dead.
Your attacks no longer feel as feeble.
The dream sheep headbutts you!
* * * LOW HITPOINT WARNING * * *
You closely miss the dream sheep.
The dream sheep is almost dead.
The dream sheep headbutts you.
You die...

♣♣.......#.......#.....#
.........#.......#.....#
.................#.....#
.......................#
..........####.)....####
..........###.lY##..#
..........##..#Y###.#
........l.YYg##Y# #)#
...(....l#...##@# #.#
..#.......$..##..##.# #
####.##....###....#
.........# ###<.#
..........# ####
..#.#...#.## ..#.....#.#


You could see 3 dream sheep and an iguana.

Vanquished Creatures
  A dream sheep (D:7)
  Prince Ribbit (D:5)
  A steam dragon (D:6)
  A sky beast (D:6)
  4 ice beasts
  An ogre (D:5)
  A kobold brigand (D:6)
  8 wights (D:6)
  9 water moccasin zombies (Ossuary)
  A jelly (D:6)
  2 gnoll boudas
  A spectral scorpion (Ossuary)
  An orc priest (D:4)
  4 hounds
  6 iguanas
  3 orc wizards
  2 crocodile zombies (Ossuary)
  2 mummies (Ossuary)
  5 gnolls
  7 adders
  A shadow imp (D:5)
  2 white imps (D:6)
  6 adder zombies (Ossuary)
  3 dart slugs
  11 orcs
  5 ball pythons
  5 endoplasms
  5 giant cockroaches
  2 gnoll zombies (Ossuary)
  6 hobgoblins
  16 kobolds
  8 quokkas
  A bat (D:3)
  3 frilled lizards
  5 goblins
  5 hobgoblin zombies (Ossuary)
  2 kobold zombies (Ossuary)
  4 orc zombies (Ossuary)
  2 rats (D:2)
153 creatures vanquished.

Vanquished Creatures (collateral kills)
  4 orcs (D:3)
  A quokka (D:3)
  A rat (D:3)
6 creatures vanquished.

Vanquished Creatures (others)
  Terence (D:3)
1 creature vanquished.

Grand Total: 160 creatures vanquished

Notes
Turn   | Place    | Note
-------+----------+-------------------------------------------
     0 | D:1      | grandjackal the Draconian Gladiator began the quest for the
                  | Orb.
     0 | D:1      | Reached XP level 1. HP: 17/17 MP: 1/1
   185 | D:1      | Reached XP level 2. HP: 25/25 MP: 2/2
  1070 | D:2      | Reached XP level 3. HP: 25/30 MP: 3/3
  1934 | D:3      | Noticed variable76's ghost (weakling MiFi)
  1935 | D:3      | Found a transporter.
  2032 | D:3      | Noticed Terence
  2075 | D:3      | Found a transporter.
  2080 | D:3      | Your ally Terence died
  2255 | D:3      | Reached XP level 4. HP: 38/38 MP: 4/4
  2274 | D:3      | Noticed an orc warrior
  2517 | D:4      | Found a sand-covered staircase.
  2533 | Ossuary  | Entered an ossuary
  2582 | Ossuary  | Reached XP level 5. HP: 25/46 MP: 5/5
  2703 | Ossuary  | Reached XP level 6. HP: 40/53 MP: 6/6
  2864 | Ossuary  | Reached skill level 5 in Long Blades
  2999 | Ossuary  | Reached skill level 5 in Fighting
  2999 | Ossuary  | Your scales start taking on an icy white colour.
  2999 | Ossuary  | Reached XP level 7. HP: 56/61 MP: 7/7
  2999 | Ossuary  | Gained mutation: Your flesh is cold resistant. (rC+) [White
                  | Draconian growth]
  3034 | Ossuary  | Reached skill level 5 in Dodging
  3725 | D:3      | Found a sparkling altar of Nemelex Xobeh.
  3996 | D:4      | Found a snail-covered altar of Cheibriados.
  4074 | D:5      | Entered Level 5 of the Dungeon
  4097 | D:5      | Reached XP level 8. HP: 67/70 MP: 8/8
  4215 | D:5      | Found a runed translucent gate.
  4215 | D:5      | Found a runed translucent gate.
  4216 | D:5      | Found a runed translucent gate.
  4219 | D:5      | Noticed bmb222's ghost (weakling DsFi)
  4490 | D:5      | Noticed Prince Ribbit
  4523 | D:5      | Killed Prince Ribbit
  5442 | D:6      | Found a stormy altar of Qazlal.
  5459 | D:6      | Reached XP level 9. HP: 49/80 MP: 9/9
  5778 | D:6      | Found a staircase to the Ecumenical Temple.
  5785 | Temple   | Entered the Ecumenical Temple
  6762 | D:7      | HP: 4/82 [dream sheep (7)]
  6763 | D:7      | Slain by a dream sheep

Illustrated notes

Levels and vault maps discovered:
D:1:      roderic_octagonal_star, layout_basic
D:2:      layout_loops_ring, minmay_strange_pillars, minmay_misc_feat_hallway,
          kennysheep_potato
D:3:      layout_loops_ring, mainiacjoe_overflow_alcove_2,
          gammafunk_ghost_arena, minmay_vboxes, uniq_terence
D:4:      layout_loops_ring, mainiacjoe_overflow_alcove_1,
          nicolae_ossuary_entry_ruins, kennysheep_nub
D:5:      layout_loops_ring, gammafunk_ghost_necromancy, uniq_prince_ribbit1
D:6:      layout_loops_corners, mainiacjoe_overflow_paths, temple_green,
          gup_sewer_entry_spiral, grunt_ministairs_3, hangedman_decor_opposing
D:7:      layout_rooms, grunt_temple_overflow_champion_of_chaos,
          grunt_temple_overflow_cloverleaf, nicolae_overflow_hidden_temple,
          minmay_stone_trees_medium, chequers_serial_rivers_micro_b,
          dreamdust_gnoll_shepherd
Temple:   kb_corrupted_temple

Skill      XL: |  1  2  3  4  5  6  7  8  9 |
---------------+----------------------------+-----
Throwing       | 2 |  2.0
Dodging        | 3 4 5 6 7 |  7.4
Fighting       | 3 4 5 6 7 8 |  8.6
Long Blades    | 4 5 6 7 8 |  8.1

Action                     |  1- 3 |  4- 6 |  7- 9 || total
---------------------------+-------+-------+-------++-------
  Melee: Long sword        |   122 |   153 |   332 ||   607
         Tailslap          |    10 |    20 |    69 ||    99
         Punch             |     2 |     2 |     4 ||     8
         Scimitar          |       |       |    77 ||    77
  Throw: Throwing net      |       |     1 |       ||     1
Ability: Breathe Frost     |       |       |    18 ||    18
  Evoke: Wand              |     2 |     4 |       ||     6
    Use: Scroll            |     4 |       |     2 ||     6
         Potion            |       |       |     5 ||     5
   Stab: Sleeping          |     2 |       |       ||     2
 Armour: Skin              |    85 |    93 |   231 ||   409
  Dodge: Dodged            |   128 |   108 |   261 ||   497

Table legend: (Time is in decaauts)
 A = Elapsed time spent in this place.
 B = Non-inter-level travel time spent in this place.
 C = Inter-level travel time spent in this place.
 D = Time resting spent in this place.
 E = Time spent auto-exploring this place.
 F = Levels seen in this place.
 G = Mean time per level.
                   A        B        C        D        E       F      G
               +--------+--------+--------+--------+--------+-----+--------+
         Total |   6886 |   6530 |    356 |    830 |   3780 |   9 |  765.1 |
       Dungeon |   6091 |   5735 |    356 |    445 |   3708 |   7 |  870.1 |
        Temple |     47 |     47 |      0 |      0 |      0 |   1 |   47.0 |
       Ossuary |    747 |    747 |      0 |    385 |     72 |   1 |  747.0 |
               +--------+--------+--------+--------+--------+-----+--------+

Top non-repeatable levels by time:
     D:6: 1505 daAuts
     D:5: 1118 daAuts
     D:2: 1095 daAuts
     D:1: 1020 daAuts
     D:4: 782 daAuts
 Ossuary: 747 daAuts
     D:3: 497 daAuts
     D:7: 71 daAuts
  Temple: 47 daAuts
